 Dungeon Crawl Stone Soup version 0.30-a0-879-ga8ba668304 (webtiles) character file.

Game seed: 11357574671110559770

8505 Lobster4 the Skirmisher (level 11, -12/85 HPs)
             Began as a Minotaur Hunter on Mar 12, 2023.
             Was an Elder of Hepliaklqana.
             Mangled by a two-headed ogre
             ... wielding a +0 great mace of protection
              (27 damage)
             ... on level 11 of the Dungeon.
             The game lasted 00:31:11 (9477 turns).

Lobster4 the Skirmisher (Minotaur Hunter)           Turns: 9477, Time: 00:31:12

Health: -12/85     AC:  8    Str: 16    XL:     11   Next: 10%
Magic:  14/14      EV: 16    Int:  6    God:    Hepliaklqana [****..]
Gold:   696        SH:  0    Dex: 18    Spells: 13/15 levels left

rFire   . . .      SeeInvis .    a - +0 shortbow
rCold   . . .      Faith    .    (shield currently unavailable)
rNeg    . . .      Spirit   .    F - +2 robe {Will+}
rPois   .          Reflect  .    (helmet restricted)
rElec   .          Rampage  .    s - +0 cloak
rCorr   .                        m - +1 pair of gloves
Will    +....                    (no boots)
Stlth   ++                       x - amulet of regeneration
HPRegen 1.14/turn                (no ring)
MPRegen 0.14/turn                (no ring)

@: no status effects
A: reduced essence, horns 2, retaliatory headbutt
a: Renounce Religion, Recall Ancestor, Ancestor Identity, Transference, Idealise


You were on level 11 of the Dungeon.
You worshipped Hepliaklqana.
Hepliaklqana was greatly pleased with you.
You visited 2 branches of the dungeon, and saw 12 of its levels.
You also visited: Sewer.

You collected 696 gold pieces.

Inventory:

Hand Weapons
 a - a +0 shortbow (weapon)
 g - a +4 scimitar of flaming
 h - a +0 short sword of venom
 n - a +2 dagger of venom
 o - a +0 sling
 J - a +1 dagger of draining
Missiles
 e - 4 javelins
 q - 9 boomerangs
 r - 33 poisoned darts
 u - 12 curare-tipped darts
 E - 4 atropa-tipped darts
 G - 4 throwing nets
Armour
 d - a +1 plate armour of poison resistance
 m - a +1 pair of gloves (worn)
 s - a +0 cloak (worn)
 y - a +0 ring mail
 F - a +2 robe of willpower (worn)
Jewellery
 c - a ring of protection from fire
 p - a ring of see invisible
 x - an amulet of regeneration (around neck)
 D - a ring of fire
Wands
 l - a wand of charming (9)
 v - a wand of iceblast (17)
 H - a wand of flame (14)
Scrolls
 b - 7 scrolls of immolation
 j - 3 scrolls of magic mapping
 w - 3 scrolls of fog
Potions
 f - a potion of cancellation
 k - a potion of curing
 t - 3 potions of ambrosia
 z - a potion of haste
 A - 2 potions of might
 B - a potion of resistance
 C - a potion of flight


   Skills:
 + Level 8.4 Fighting
 - Level 2.0 Short Blades
 * Level 11.3 Ranged Weapons
 - Level 2.0 Throwing
 + Level 7.1 Armour
 + Level 6.9 Dodging
 - Level 1.0 Stealth
 + Level 2.7 Spellcasting
 - Level 3.0 Transmutations
 - Level 3.0 Earth Magic
 + Level 4.3 Invocations
 - Level 3.0 Evocations


You had 13 spell levels left.
You knew the following spells:

 Your Spells              Type           Power      Damage    Failure   Level
a - Passwall              Tmut/Erth      3%         N/A       17%         2

Your spell library contained the following spells:

 Spells                   Type           Power      Damage    Failure   Level
 Ensorcelled Hibernation  Hex/Ice        0%         N/A       50%         2
 Spider Form              Tmut/Pois      2%         N/A       52%         3
 Stone Arrow              Conj/Erth      4%         3d7       52%         3
 Petrify                  Tmut/Erth      4%         N/A       73%         4
 Inner Flame              Hex/Fire       0%         N/A       75%         3
 Kindle Blastsparks       Fire/Tloc/Air  0%         2d10      75%         3
 Swiftness                Air            0%         N/A       75%         3
 Animate Armour           Summ/Erth      4%         N/A       90%         4
 Lee's Rapid Deconstruct  Erth           2%         3d4*      97%         5
 Anguish                  Hex/Necr       0%         N/A       98%         4
 Flame Wave               Conj/Fire      0%         2d4       98%         4
 Fulminant Prism          Conj/Hex       0%         3d5       98%         4
 Iskenderun's Mystic Bla  Conj/Tloc      0%         2d3       98%         4
 Sticky Flame             Conj/Fire      0%         2d3       98%         4
 Metabolic Englaciation   Hex/Ice        0%         N/A       100%        5
 Statue Form              Tmut/Erth      2%         N/A       100%        6
 Lehudib's Crystal Spear  Conj/Erth      1%         10d2      100%        8


Dungeon Overview and Level Annotations

Branches:
Dungeon (11/15)            Temple (1/1) D:4           Sewer (visited)
   Lair: D:8-11         Orc: D:9-12

Altars:
Ashenzari
Cheibriados
Dithmenos
Elyvilon
Fedhas
Gozag
Hepliaklqana
Kikubaaqudgha
Makhleb
Nemelex Xobeh
Okawaru
Qazlal
Ru
Sif Muna
Trog
Uskayaw
Vehumet
Wu Jian
Xom
Yredelemnul
Zin
The Shining One

Shops:
D:2 (

Annotations:
D:2 Sigmund
D:4 2 transporters, Dowan; Duvessa; Selderis's ghost, amateur TrMo
D:5 Eustachio


Innate Abilities, Weirdness & Mutations

Your life essence is reduced to manifest your ancestor. (-10% HP)
You have a pair of horns on your head.
You reflexively headbutt those who attack you in melee.


Message History

The two-headed ogre cries, "Mercy!"
The two-headed ogre begs for mercy.
You shoot an arrow.
The arrow hits the two-headed ogre but does no damage.
Your attack snaps the two-headed ogre out of its fear.
You shoot an arrow.
The arrow hits the two-headed ogre but does no damage.
Rabi hits the two-headed ogre with a +0 flail!!
You shoot an arrow. The arrow hits the two-headed ogre.
The two-headed ogre is moderately wounded.
Rabi hits the two-headed ogre with a +0 flail!
You shoot an arrow.
The arrow hits the two-headed ogre but does no damage.
The two-headed ogre is heavily wounded.
You shoot an arrow.
The arrow hits the two-headed ogre but does no damage.
The two-headed ogre is heavily wounded.
You shoot an arrow.
The arrow closely misses the two-headed ogre.
You shoot an arrow.
The arrow hits the two-headed ogre but does no damage.
The two-headed ogre is heavily wounded.
The two-headed ogre hits you with a +0 great mace of protection!!
The two-headed ogre hits you with a +0 giant club!!
You are too injured to fight recklessly!
You are too injured to fight recklessly!
You are too injured to fight recklessly!
You feel much better.
The two-headed ogre hits you with a +0 great mace of protection.
The two-headed ogre hits you with a +0 giant club!!
Rabi hits the two-headed ogre with a +0 flail.
You shoot an arrow. The arrow hits the two-headed ogre.
The two-headed ogre is severely wounded.
You shoot an arrow. The arrow hits the two-headed ogre.
The two-headed ogre is severely wounded.
Rabi hits the two-headed ogre with a +0 flail.
The two-headed ogre hits you with a +0 great mace of protection!
* * * LOW HITPOINT WARNING * * *
The two-headed ogre hits you with a +0 giant club!!
You die...

....$...... ........#
.)....# #. #....##
#..#.....# #.......#
#.....[.## .
#........## ...
#....#####@O####..[..
..... ##.R....#
.....# #.<#...# .....
#..#...# ...
#..###..# #... ..#
.... ..# ..... ..
.....## #..


You could see the friendly Rabi the knight and a two-headed ogre (ally target).

Vanquished Creatures
  Sonja (D:10)
  A gargoyle (D:10)
  A troll (D:11)
  4 yaks
  An acid dragon (D:8)
  2 water moccasins
  An ice beast (D:7)
  An orc warrior (D:7)
  2 ogres (D:5)
  6 centaurs
  A kobold brigand (D:8)
  3 bullfrogs
  2 gnoll sergeants
  3 scorpions
  2 wights (D:9)
  4 howler monkeys
  A crimson imp (D:8)
  2 lava snakes
  3 jellies
  A hound (D:6)
  An orc priest (D:8)
  2 gnoll boudas
  An iguana (D:3)
  3 orc wizards
  12 gnolls
  8 adders
  3 river rats (D:5)
  A shadow imp (D:6)
  2 worms (D:2)
  2 dart slugs
  21 orcs
  5 endoplasms
  4 giant cockroaches (D:4)
  4 goblins
  7 hobgoblins
  17 jackals
  23 kobolds
  9 quokkas
  7 ball pythons
  13 bats
  13 frilled lizards
  22 rats
222 creatures vanquished.

Vanquished Creatures (collateral kills)
  Erica (D:8)
  A two-headed ogre (D:11)
  Pikel (D:8)
  A hornet (D:7)
  2 wyverns (D:8)
  5 yaks
  2 orc warriors
  An ice beast (D:7)
  A sky beast (D:7)
  A centaur (D:10)
  2 kobold brigands (D:9)
  A bullfrog (D:7)
  A scorpion (D:5)
  A gnoll sergeant (D:7)
  A wight (D:9)
  A howler monkey (D:8)
  2 lava snakes (D:8)
  3 crimson imps (D:8)
  2 hounds
  A jelly (D:5)
  3 orc wizards
  9 gnolls
  5 river rats (D:5)
  An adder (D:5)
  An ufetubus (D:5)
  4 orcs
  6 kobolds
  2 quokkas (D:5)
  4 rats (D:5)
66 creatures vanquished.

Vanquished Creatures (others)
  3 knights
  4 ancestors (D:5)
  12 plants
19 creatures vanquished.

Grand Total: 307 creatures vanquished

Notes
Turn   | Place    | Note
-------+----------+-------------------------------------------
     0 | D:1      | Lobster4 the Minotaur Hunter began the quest for the Orb.
     0 | D:1      | Reached XP level 1. HP: 18/18 MP: 0/0
    29 | D:1      | Reached skill level 1 in Stealth
   113 | D:1      | Reached XP level 2. HP: 25/25 MP: 1/1
   344 | D:1      | Reached skill level 1 in Armour
   432 | D:1      | Reached XP level 3. HP: 30/30 MP: 2/2
   940 | D:2      | Found a faded altar of an unknown god.
  1025 | D:2      | Noticed Sigmund
  1148 | D:2      | Found Fimof's Antique Weapon Emporium.
  1218 | D:2      | Reached skill level 5 in Ranged Weapons
  1436 | D:2      | Reached skill level 1 in Short Blades
  1436 | D:2      | Reached XP level 4. HP: 22/38 MP: 3/3
  1614 | D:2      | Found a sparkling altar of Nemelex Xobeh.
  1760 | D:2      | Identified the +4 robe "Zosukega" {Regen+ Slay+2}
  2071 | D:3      | Found a burning altar of Makhleb.
  2642 | D:4      | Reached XP level 5. HP: 45/45 MP: 4/4
  2731 | D:4      | Found a staircase to the Ecumenical Temple.
  2737 | D:4      | Found a glowing drain.
  2739 | Temple   | Entered the Ecumenical Temple
  2746 | Temple   | Became a worshipper of Hepliaklqana the Forgotten
  2797 | Sewer    | Entered a sewer
  2825 | Sewer    | Noticed a water moccasin
  2833 | Sewer    | Killed a water moccasin
  2834 | Sewer    | Reached XP level 6. HP: 24/52 MP: 5/5
  2934 | D:4      | Noticed Duvessa
  2996 | D:4      | Found a transporter.
  3003 | D:4      | Noticed Dowan
  3021 | D:4      | Noticed Selderis's ghost (amateur TrMo)
  3054 | D:4      | Found a transporter.
  3250 | D:4      | Reached skill level 6 in Ranged Weapons
  3483 | D:5      | Entered Level 5 of the Dungeon
  3559 | D:5      | Reached * piety under Hepliaklqana
  3602 | D:5      | Noticed Eustachio
  3747 | D:5      | You fall into a shaft and drop 2 floors!
  3836 | D:7      | Reached XP level 7. HP: 43/54 MP: 6/6
  3888 | D:7      | Reached skill level 1 in Throwing
  3888 | D:7      | Reached skill level 1 in Invocations
  4015 | D:6      | Reached skill level 1 in Evocations
  4496 | D:5      | Reached ** piety under Hepliaklqana
  4541 | D:5      | Reached skill level 7 in Ranged Weapons
  4575 | D:5      | Reached XP level 8. HP: 60/60 MP: 8/8
  4664 | D:5      | Reached skill level 5 in Fighting
  5242 | D:6      | Remembered your ancestor Rabi as a knight
  5882 | D:7      | Reached skill level 5 in Dodging
  5993 | D:7      | Reached skill level 8 in Ranged Weapons
  6053 | D:7      | Reached skill level 5 in Armour
  6234 | D:7      | Reached XP level 9. HP: 57/67 MP: 10/10
  6557 | D:7      | Reached skill level 9 in Ranged Weapons
  6673 | D:8      | Noticed Erica
  6814 | D:8      | Learned a level 2 spell: Passwall
  6823 | D:8      | Reached *** piety under Hepliaklqana
  6981 | D:8      | Killed Erica
  6982 | D:8      | Reached skill level 1 in Spellcasting
  6982 | D:8      | Reached skill level 1 in Transmutations
  6982 | D:8      | Reached skill level 1 in Earth Magic
  7077 | D:8      | Found a bloodstained altar of Trog.
  7218 | D:8      | Reached skill level 10 in Ranged Weapons
  7229 | D:8      | Reached XP level 10. HP: 22/77 MP: 11/11
  7607 | D:8      | Noticed Pikel
  7619 | D:8      | Killed Pikel
  7623 | D:8      | Found an opulent altar of Gozag.
  7689 | D:8      | Found a shimmering altar of Xom.
  8056 | D:9      | Noticed a rust devil
  8607 | D:10     | Entered Level 10 of the Dungeon
  8688 | D:10     | Reached **** piety under Hepliaklqana
  8777 | D:10     | Noticed Sonja
  8984 | D:10     | Killed Sonja
  8985 | D:10     | Reached skill level 11 in Ranged Weapons
  9260 | D:10     | Noticed a gargoyle
  9282 | D:10     | Killed a gargoyle
  9283 | D:10     | Reached XP level 11. HP: 68/84 MP: 13/13
  9444 | D:11     | Noticed a two-headed ogre
  9454 | D:11     | Killed a two-headed ogre
  9457 | D:11     | Noticed a two-headed ogre
  9477 | D:11     | Mangled by a two-headed ogre

Illustrated notes

Levels and vault maps discovered:
D:1:      minmay_arrival_jagged, layout_basic, minmay_misc_feat_diagonals
D:2:      layout_basic, basic_altar, shapermc_ecumenical_altar_mp_highgroup,
          serial_shops, nicolae_shop_overgrown_old_shop, minmay_lizard_king,
          uniq_crazy_yiuf_cottage, uniq_sigmund
D:3:      layout_loops_ring, bloody_makhleb
D:4:      layout_basic, minmay_temple_entry_offerings, gup_sewer_entry_glass,
          gammafunk_ghost_gnarly_gnolls, uniq_duvessa
D:5:      lemuel_ratsnest, layout_basic, minmay_misc_feat_more_columns,
          uniq_eustachio
D:6:      layout_layer_cave
D:7:      layout_rooms, kennysheep_big_empty_room, grunt_tough_drop
D:8:      layout_loops_ring, led_xom_imps, trog_book, overflow_temple_1_default,
          kennysheep_small_spiral, item_on_display_a, uniq_erica, uniq_pikel
D:9:      layout_grid_maze
D:10:     layout_irregular_city, uniq_sonja
D:11:     layout_layer_cave, david_lair_shrubbed
Temple:   nicolae_temple_no_exploring_needed

Skill      XL: |  1  2  3  4  5  6  7  8  9 10 |
---------------+-------------------------------+-----
Stealth        | 1 |  1.0
Armour         | 1 2 3 4 5 6 7 |  7.1
Ranged Weapons | 5 6 7 8 10 11 | 11.3
Fighting       | 3 4 6 7 8 |  8.4
Short Blades   | 1 2 |  2.0
Dodging        | 3 4 5 6 |  6.9
Throwing       | 1 2 |  2.0
Invocations    | 1 3 4 |  4.3
Evocations     | 1 3 |  3.0
Spellcasting   | 1 2 |  2.7
Transmutations | 1 3 |  3.0
Earth Magic    | 1 3 |  3.0

Action                     |  1- 3 |  4- 6 |  7- 9 | 10-12 || total
---------------------------+-------+-------+-------+-------++-------
   Fire: Shortbow          |   136 |   154 |   403 |   272 ||   965
 Invoke: Recall Ancestor   |       |     1 |     3 |     2 ||     6
         Ancestor Identity |       |       |     1 |       ||     1
         Ancestor Life: Kn |       |       |     1 |       ||     1
  Evoke: Wand              |       |       |       |     2 ||     2
    Use: Scroll            |       |     5 |    10 |     3 ||    18
         Potion            |       |       |     6 |     3 ||     9
 Armour: Leather armour    |    12 |    28 |    12 |       ||    52
         Skin              |       |       |    25 |       ||    25
         Ring mail         |       |       |    15 |       ||    15
         Robe              |       |       |       |     8 ||     8
  Dodge: Dodged            |    22 |    72 |    91 |    48 ||   233

Table legend: (Time is in decaauts)
 A = Elapsed time spent in this place.
 B = Non-inter-level travel time spent in this place.
 C = Inter-level travel time spent in this place.
 D = Time resting spent in this place.
 E = Time spent auto-exploring this place.
 F = Levels seen in this place.
 G = Mean time per level.
                   A        B        C        D        E       F      G
               +--------+--------+--------+--------+--------+-----+--------+
         Total |   9624 |   9112 |    512 |    434 |   6630 |  13 |  740.3 |
       Dungeon |   9484 |   8972 |    512 |    399 |   6603 |  11 |  862.2 |
        Temple |     14 |     14 |      0 |      0 |      0 |   1 |   14.0 |
         Sewer |    125 |    125 |      0 |     35 |     27 |   1 |  125.0 |
               +--------+--------+--------+--------+--------+-----+--------+

Top non-repeatable levels by time:
     D:5: 1307 daAuts
     D:8: 1129 daAuts
     D:2: 1049 daAuts
     D:1: 1037 daAuts
     D:6: 983 daAuts
     D:7: 969 daAuts
    D:10: 827 daAuts
     D:9: 786 daAuts
     D:4: 718 daAuts
     D:3: 632 daAuts
   Sewer: 125 daAuts
    D:11: 42 daAuts
  Temple: 14 daAuts
